 Dungeon Crawl Stone Soup version 0.31-a0-716-gc7603755dd (webtiles) character file.

Game seed: 7149574975670827243

345 Ordine the Ruffian (level 6, -1/61 HPs)
             Began as an Octopode Shapeshifter on Sept 9, 2023.
             Slain by a lemure (2 damage)
             ... led by Pikel
             ... on level 5 of the Dungeon.
             The game lasted 00:04:49 (3343 turns).

Ordine the Ruffian (Octopode Shapeshifter)          Turns: 3343, Time: 00:04:50

Health: -1/61      AC: 23    Str: 16    XL:     6   Next: 58%
Magic:  6/6        EV:  2    Int: 12    God:
Gold:   224        SH:  0    Dex: 17    Spells: 5/5 levels left

rFire   . .          .
                       - Unarmed
rCold   + . .        (no shield)
rNeg    . . .        (helmet currently unavailable)
rPois   +            (no amulet)
rElec   .            n - ring of protection from cold
rCorr   .            w - +6 ring of dexterity
SInv    .            (no ring)
Will    .....        (no ring)
Stlth   ++           (no ring)
HPRegen 0.30/turn    (no ring)
MPRegen 0.10/turn    (no ring)
                     (no ring)

%: no passive effects
@: tree-form
A: stationary, stasis, torment immunity, boosted hp, almost no armour,
(amphibious), 8 rings, (camouflage 1), (gelatinous body 1), (nimble swimmer 1),
(tentacles)
a: no special abilities


You were on level 5 of the Dungeon.
You were a tree.
You visited 1 branch of the dungeon, and saw 5 of its levels.

You collected 224 gold pieces.

Inventory:

Jewellery
 n - a ring of protection from cold (left branch)
 w - a +6 ring of dexterity (right branch)
Talismans
 b - a beast talisman
 c - a flux talisman
Scrolls
 f - a scroll of blinking {unknown}
 h - 5 scrolls of identify {unknown}
 i - a scroll of enchant weapon {unknown}
 j - 2 scrolls of noise {unknown}
 k - a scroll of fog {unknown}
 o - 3 scrolls of vulnerability {unknown}
 p - a scroll of poison {unknown}
 q - a scroll of acquirement {unknown}
 t - a scroll of teleportation {unknown}
 v - a scroll of enchant armour {unknown}
Potions
 d - 2 potions of curing {unknown}
 e - 2 potions of cancellation {unknown}
 g - a potion of haste {unknown}
 l - 3 potions of attraction {unknown}
 m - a potion of degeneration {unknown}
 r - a potion of mutation {unknown}
 s - a potion of berserk rage {unknown}
 u - a potion of ambrosia {unknown}


   Skills:
 + Level 2.6 Fighting
 + Level 3.2 Dodging
 + Level 3.2 Stealth
 * Level 4.8 Unarmed Combat
 + Level 3.8 Shapeshifting


You had 5 spell levels left.
You didn't know any spells.
Your spell library was empty.

Dungeon Overview and Level Annotations

Branches:
Dungeon (5/15)
 Temple: D:4-7

Altars:
Hepliaklqana

Annotations:
D:5 Pikel


Innate Abilities, Weirdness & Mutations

You are a tree.
Your roots penetrate the ground, keeping you stationary.
You cannot be teleported.
You are immune to unholy pain and torment.
Your maximum health is greatly increased.
You cannot wear most types of armour.
((You are amphibious.))
You can wear up to eight rings at the same time.
((Your skin changes colour to match your surroundings (Stealth+).))
((Your rubbery body absorbs attacks. (AC +1, EV +1)))
((You are camouflaged when in or above water. (Stealth+)))
((You have tentacles for arms and can constrict up to eight enemies at once.))


Message History

A lemure comes into view. x2
There is an open door here.
A lemure comes into view.
Pikel completely misses you. The lemure misses you.
The lemure shouts! x2
You tentacle-slap Pikel. You grab Pikel. You squeeze Pikel, but do no damage.
Pikel is lightly wounded.
You constrict Pikel.
Pikel hits you with a +1 whip of freezing!
The lemure barely misses you.
You tentacle-slap Pikel but do no damage.
Your squeeze misses Pikel.
Pikel is lightly wounded.
You constrict Pikel.
Pikel hits you with a +1 whip of freezing!
Pikel freezes you.
You tentacle-slap Pikel. You squeeze Pikel!
Pikel is heavily wounded.
You constrict Pikel. Pikel barely misses you.
The lemure hits you but does no damage. The lemure hits you!
The lemure barely misses you.
You tentacle-slap Pikel.
Pikel is severely wounded.
You constrict Pikel. The lemure hits you. The lemure misses you.
Pikel hits you with a +1 whip of freezing.
* * * LOW HITPOINT WARNING * * *
The lemure hits you.
* * * LOW HITPOINT WARNING * * *
The lemure misses you.
Your transformation has ended.
You turn into a tree.
Your roots penetrate the ground.
You lose your grip on Pikel.
The lemure hits you but does no damage. x2
The lemure hits you.
* * * LOW HITPOINT WARNING * * *
Pikel hits you with a +1 whip of freezing!
* * * LOW HITPOINT WARNING * * *
Pikel freezes you.
* * * LOW HITPOINT WARNING * * *
The lemure hits you.
You die...

...
##############..
..............#
#....
..............#
#....
..............#
#....
.........><...# #
....###+#
........#######.###
#.......
........'..55......
#.......
........#..♣5......
#.......
........#..5K......
#...<...
........###########
#....... ####.....
......##+## #.....
...... #..... .....
#.... ..... ?...
....


You could see Pikel and 4 lemures.

Vanquished Creatures
  2 black bears (D:4)
  2 iguanas (D:4)
  Robin (D:2)
  3 adders
  3 worms
  2 dart slugs (D:2)
  An orc (D:3)
  6 endoplasms
  3 giant cockroaches
  9 goblins
  8 hobgoblins
  2 jackals (D:1)
  4 kobolds
  2 quokkas
  6 ball pythons
  10 bats
  2 frilled lizards (D:3)
  3 rats (D:2)
69 creatures vanquished.

Notes
Turn   | Place    | Note
-------+----------+-------------------------------------------
     0 | D:1      | Ordine the Octopode Shapeshifter began the quest for the
                  | Orb.
     0 | D:1      | Reached XP level 1. HP: 13/13 MP: 1/1
   330 | D:1      | Reached XP level 2. HP: 15/18 MP: 2/2
   457 | D:1      | Reached skill level 1 in Stealth
   764 | D:2      | Reached XP level 3. HP: 21/23 MP: 3/3
   984 | D:2      | Reached XP level 4. HP: 21/28 MP: 4/4
  1211 | D:2      | Noticed Robin
  1235 | D:2      | Killed Robin
  1973 | D:3      | Reached skill level 4 in Unarmed Combat
  2111 | D:4      | Reached XP level 5. HP: 33/34 MP: 5/5
  2346 | D:4      | Noticed a black bear
  2352 | D:4      | Killed a black bear
  2427 | D:4      | Reached XP level 6. HP: 30/41 MP: 6/6
  2537 | D:4      | Noticed a black bear
  2544 | D:4      | Killed a black bear
  2798 | D:4      | Found a hazy altar of Hepliaklqana.
  3304 | D:5      | Entered Level 5 of the Dungeon
  3335 | D:5      | Noticed Pikel
  3343 | D:5      | HP: 3/61 [Pikel/+1 whip of freezing (9)]
  3343 | D:5      | HP: 1/61 [Pikel/+1 whip of freezing (2)]
  3343 | D:5      | Slain by a lemure

Illustrated notes

Levels and vault maps discovered:
D:1:      pf_arrival_petrified_forest, layout_basic
D:2:      layout_basic, uniq_robin
D:3:      layout_rooms
D:4:      layout_layer_cave, nicolae_overflow_hidden_temple
D:5:      layout_gridville, uniq_pikel

Skill      XL: |  1  2  3  4  5  6 |
---------------+-------------------+-----
Stealth        | 1 2 3 |  3.2
Unarmed Combat | 4 |  4.8
Fighting       | 2 |  2.6
Dodging        | 3 |  3.2
Shapeshifting  | |  3.8

Action                     |  1- 3 |  4- 6 || total
---------------------------+-------+-------++-------
  Melee: Unarmed           |    59 |    76 ||   135
         Tentacles         |    12 |    18 ||    30
         Constrict         |    15 |    15 ||    30
         Punch             |     3 |     4 ||     7
    Use: Potion            |       |     1 ||     1
   Stab: Sleeping          |     4 |     8 ||    12
 Armour: Skin              |    19 |    43 ||    62
  Dodge: Dodged            |    35 |    44 ||    79

Table legend: (Time is in decaauts)
 A = Elapsed time spent in this place.
 B = Non-inter-level travel time spent in this place.
 C = Inter-level travel time spent in this place.
 D = Time resting spent in this place.
 E = Time spent auto-exploring this place.
 F = Levels seen in this place.
 G = Mean time per level.
                   A        B        C        D        E       F      G
               +--------+--------+--------+--------+--------+-----+--------+
         Total |   3333 |   3063 |    270 |      3 |   2592 |   5 |  666.6 |
       Dungeon |   3333 |   3063 |    270 |      3 |   2592 |   5 |  666.6 |
               +--------+--------+--------+--------+--------+-----+--------+

Top non-repeatable levels by time:
     D:4: 1224 daAuts
     D:2: 787 daAuts
     D:1: 713 daAuts
     D:3: 592 daAuts
     D:5: 15 daAuts
